Map: [ESL] Moondance

Players

A.I. 1 (Very Hard)

  • Race: Terran Terran
  • Spawn Location: 12:00

PiG - Winner!

  • Race: Terran Terran
  • League: Grandmaster
  • Spawn Location: 6:00

VOD

https://www.youtube.com/watch?v=J2pIZNCtIis

Description

Time

  • Played on: July 12, 2022, 6:17 p.m.
  • Length: 8:29
Show
View Real Time Build Order
Export as new Build Order

A.I. 1 (Very Hard) Terran 

Build Orders:  

Get SALT Encoding   

  12  0:00  SCV  
  13  0:13  SCV  
  14  0:18  Supply Depot  
  14  0:25  SCV  
  15  0:28  Refinery  
  15  0:39  SCV  
  16  0:47  Barracks  
  16  0:51  SCV  
  17  1:03  SCV  
  18  1:16  SCV  
  19  1:33  Marine  
  19  1:35  Supply Depot  
  19  1:37  Orbital Command, Factory  
  20  1:48  Barracks  
  20  1:51  Marine  
  21  2:02  SCV  
  21  2:04  Refinery  
  22  2:09  Marine  
  22  2:14  SCV  
  24  2:18  Supply Depot  
  24  2:23  Factory Tech Lab  
  24  2:26  SCV  
  24  2:27  Marine  
  26  2:34  Marine  
  27  2:42  SCV, Siege Tank  
  31  2:45  Marine  
  32  2:52  Marine  
  32  2:54  Supply Depot  
  32  2:55  SCV  
  34  3:03  Marine  
  35  3:10  Marine  
  36  3:13  SCV  
  36  3:16  Siege Tank  
  40  3:20  Marine  
  40  3:26  Supply Depot  
  41  3:28  Marine  
  42  3:38  Marine  
  43  3:45  Starport  
  43  3:46  Barracks Tech Lab  
  46  3:48  Siege Tank  
  46  3:55  SCV  
  47  3:57  Barracks Tech Lab  
  47  4:13  SCV  
  48  4:20  Supply Depot, Stimpack  
  48  4:23  Medivac  
  50  4:44  Marine, Marauder  
  53  4:45  Barracks  
  53  4:51  Command Center  
  53  4:53  Medivac  
  55  5:02  Marauder  
  55  5:05  Marine, Supply Depot  
  58  5:23  Marauder  
  58  5:24  Marauder  
  62  5:29  Supply Depot  
  62  5:34  Barracks Reactor  
  62  5:36  Siege Tank  
  65  5:45  Marauder  
  65  5:46  Marauder  
  69  5:55  Supply Depot  
  69  6:03  Combat Shield  
  69  6:04  SCV x2  
  71  6:06  Marauder  
  71  6:09  Marauder  
  71  6:10  Refinery  
  75  6:16  SCV  
  75  6:18  SCV  
  77  6:23  Concussive Shells  
  77  6:27  Marauder  
  77  6:28  SCV  
  77  6:30  SCV  
  77  6:31  Marauder  
  83  6:40  SCV  
  83  6:42  SCV  
  83  6:44  Engineering Bay  
  85  6:52  SCV  
  86  6:54  SCV  
  87  7:01  Engineering Bay  
  87  7:04  SCV  
  87  7:06  SCV  
  88  7:16  SCV, Missile Turret  
  88  7:18  SCV  
  88  7:19  Missile Turret  
  90  7:27  Barracks  
  90  7:28  SCV, Starport Reactor  
  91  7:31  Orbital Command  
  84  7:37  Siege Tank  
  84  7:40  SCV  
  88  7:50  Marine  
  66  7:52  SCV  
  66  7:56  SCV, Marine  
  35  8:01  Marine  
Show
View Real Time Build Order
Export as new Build Order

PiG Terran - Winner!

Build Orders:  

Get SALT Encoding   

  12  0:00  SCV  
  13  0:12  SCV  
  14  0:17  Supply Depot  
  14  0:24  SCV  
  15  0:38  SCV  
  15  0:40  Barracks  
  16  0:44  Refinery  
  16  0:50  SCV  
  17  1:03  SCV  
  18  1:15  SCV  
  19  1:28  Barracks Reactor  
  19  1:29  Orbital Command  
  19  1:43  Command Center  
  19  1:52  Supply Depot  
  19  1:55  SCV  
  20  2:05  Marine x2  
  22  2:10  SCV  
  23  2:22  Marine  
  23  2:23  SCV, Marine  
  26  2:30  Factory  
  26  2:31  Barracks  
  26  2:35  Refinery  
  26  2:37  SCV  
  26  2:43  Marine x2  
  29  2:51  SCV  
  30  2:57  Orbital Command  
  30  3:04  SCV  
  31  3:12  Marine x2  
  33  3:14  Factory Tech Lab  
  33  3:16  SCV  
  33  3:17  Barracks Tech Lab  
  34  3:23  SCV  
  35  3:28  SCV  
  35  3:29  Marine  
  37  3:34  Supply Depot  
  37  3:35  SCV  
  37  3:39  Siege Tank  
  37  3:41  Marine x2  
  42  3:45  Combat Shield  
  42  3:47  Marine  
  44  3:49  SCV  
  45  3:56  SCV, Supply Depot  
  45  4:01  SCV  
  47  4:08  SCV, Marine x3  
  51  4:13  SCV  
  52  4:18  Siege Tank, Supply Depot  
  52  4:20  SCV  
  56  4:26  SCV, Marine x2  
  59  4:32  SCV  
  59  4:34  Barracks  
  59  4:38  Starport  
  60  4:41  Supply Depot  
  60  4:42  SCV  
  61  4:50  Refinery  
  61  4:51  SCV  
  61  4:52  Marine x3  
  64  4:53  Siege Tank  
  64  4:54  SCV  
  69  5:03  SCV, Stimpack  
  70  5:17  SCV x2  
  72  5:25  Supply Depot  
  72  5:26  Supply Depot  
  72  5:28  Starport Reactor  
  72  5:29  Marine x2  
  72  5:30  Barracks Reactor, Marine  
  72  5:31  Siege Tank  
  78  5:42  Barracks  
  78  5:44  Barracks  
  78  5:47  Marine x3  
  81  6:02  Supply Depot  
  81  6:03  Siege Tank, Supply Depot  
  83  6:05  Marine x3, Medivac x2  
  83  6:06  Marine x2  
  92  6:23  Marine x3  
  95  6:31  Marine x2  
  95  6:32  Marine  
  98  6:38  Marine  
  99  6:41  Supply Depot, Marine x3  
  99  6:44  Medivac x2, Siege Tank, Supply Depot  
  109  6:49  Marine  
  110  7:02  Marine x6  
  110  7:05  Supply Depot  
  110  7:07  Supply Depot, Marine  
  117  7:20  Marine x6  
  123  7:24  Siege Tank  
  123  7:26  Marine  
  123  7:29  Supply Depot  
  127  7:38  Marine x2  
  127  7:39  Marine x4  
  127  7:40  Medivac  
  127  7:44  Marine  
  136  7:56  Siege Tank  
Tags
 
Add a new tag
Caveats
  • Supply blocks, unpowered buildings, or Contaminate may cause inaccurate times.
  • Supply counts are checked every 10 seconds.